 Dungeon Crawl Stone Soup version 0.28-a0-1143-gcf6077d4cc (webtiles) character file.

Game seed: 14814376046780123978

14 spaghetti the Sneak (level 2, -1/25 HPs)
             Began as a Djinni Delver on Dec 14, 2021.
             Slain by an ufetubus (2 damage)
             ... on level 5 of the Dungeon.
             The game lasted 00:00:40 (428 turns).

spaghetti the Sneak (Djinni Delver)                  Turns: 428, Time: 00:00:40

Health: -1/25      AC:  3    Str: 11    XL:     2   Next: 55%
Gold:   15         EV: 12    Int: 11    God:
                   SH:  0    Dex: 14

rFire   + + .      SeeInvis .     - Unarmed
rCold   x . .      Faith    .   (no shield)
rNeg    . . .      Spirit   .   a - +0 leather armour
rPois   ∞          Reflect  .   (no helmet)
rElec   .          Harm     .   (no cloak)
rCorr   .          Rampage  .   (no gloves)
Will    .....                   (boots unavailable)
Stlth   +++.......              (no amulet)
HPRegen 0.08/turn               (no ring)
MPRegen 0.00/turn               (no ring)

@: flying
A: sickness immunity, fire resistance 2, cold vulnerability 1, float, innate
caster, hp casting, extra vitality 1
a: no special abilities


You were on level 5 of the Dungeon.
You visited 1 branch of the dungeon, and saw 1 of its levels.

You collected 15 gold pieces.


Innate Abilities, Weirdness & Mutations

You are immune to sickness and miasma.
You are immune to poison.
Your flesh is very heat resistant. (rF++)
You are vulnerable to cold. (rC-)
You float through the air rather than walking.
You learn spells naturally, not from books.
Your magical power is your life essence.
You have superior vitality. (+4 HP)


   Skills:
 - Level 3.0 Fighting
 - Level 2.1 Dodging
 + Level 4.6 Stealth
 - Level 2.0 Unarmed Combat


You had one spell level left.
You didn't know any spells.
Your spell library was empty.

Inventory:

Armour
 a - a +0 leather armour (worn)
Wands
 f - a wand of digging (3)
Scrolls
 b - a scroll of fog
 c - a scroll of magic mapping {!r}
 d - a scroll of fear
Potions
 e - a potion of haste {@q3}

Dungeon Overview and Level Annotations

Branches:
Dungeon (5/15)
 Temple: D:4-7

Altars:

#...###### #.# ##.#.....#
#.# #.#.###.# ##'## #.#.#
#.# ##...## #.#.###.#
##.....#
#....##.###.......
##########...#.##........
................'........
#####.@.......#........
#5##......##.......
#.###.###.###.....#
#.###.# #.# ##...##
#.##..# #.# ##+## #.##.##
#.# #.##.####.###
#............
####.##.#####


You could see an ufetubus.


Message History

You closely miss the ufetubus.
The ufetubus hits you but does no damage. x2
The ufetubus barely misses you. The ufetubus hits you. 😕 HP[-2]
You take 2 damage, and now have 21/25 hp.
You hit the ufetubus but do no damage. The ufetubus hits you.
The ufetubus barely misses you. 😕 HP[-1]
You take 1 damage, and now have 20/25 hp.
You hit the ufetubus. The ufetubus closely misses you. x2
You hit the ufetubus but do no damage. The ufetubus closely misses you.
The ufetubus hits you. x2; The ufetubus barely misses you. 😮 HP[-3]
You take 3 damage, and now have 17/25 hp.
You are too injured to fight recklessly!
You are too injured to fight recklessly!
You are too injured to fight recklessly!
You are too injured to fight recklessly!
You are too injured to fight recklessly!
You are too injured to fight recklessly!
You are too injured to fight recklessly!
You are too injured to fight recklessly!
You are too injured to fight recklessly!
You are too injured to fight recklessly!
You are too injured to fight recklessly!
You are too injured to fight recklessly!
You are too injured to fight recklessly!
You are too injured to fight recklessly!
You are too injured to fight recklessly!
You are too injured to fight recklessly!
You are too injured to fight recklessly!
Okay, then.
Okay, then.
You closely miss the ufetubus. The ufetubus closely misses you.
The ufetubus hits you. 😮 HP[-3]
You take 3 damage, and now have 14/25 hp.
You hit the ufetubus but do no damage. The ufetubus misses you.
The ufetubus closely misses you. The ufetubus hits you.
The ufetubus barely misses you. 😮 HP[-1]
You take 1 damage, and now have 13/25 hp.
You barely miss the ufetubus. The ufetubus closely misses you. x2
You miss the ufetubus. The ufetubus hits you.
* * * LOW HITPOINT WARNING * * *
The ufetubus hits you.
* * * LOW HITPOINT WARNING * * *
The ufetubus barely misses you. The ufetubus hits you.
* * * LOW HITPOINT WARNING * * *
😨 HP[-5]
You take 5 damage, and now have 8/25 hp.
Unknown command.
You miss the ufetubus. The ufetubus closely misses you.
The ufetubus barely misses you.
You hit the ufetubus but do no damage.
The ufetubus hits you but does no damage.
The ufetubus hits you.
* * * LOW HITPOINT WARNING * * *
The ufetubus barely misses you. x2 😨 HP[-1]
You take 1 damage, and now have 7/25 hp.
Okay, then.
Okay, then.
The ufetubus hits you but does no damage.
The ufetubus closely misses you. The ufetubus misses you. x2
The ufetubus hits you.
* * * LOW HITPOINT WARNING * * *
The ufetubus closely misses you. 😱 HP[-1]
You take 1 damage, and now have 6/25 hp.
The ufetubus hits you.
* * * LOW HITPOINT WARNING * * *
The ufetubus hits you.
* * * LOW HITPOINT WARNING * * *
😱 HP[-2]
You take 2 damage, and now have 4/25 hp.
The ufetubus barely misses you. The ufetubus misses you. The ufetubus hits you.
* * * LOW HITPOINT WARNING * * *
The ufetubus hits you.
* * * LOW HITPOINT WARNING * * *
😱 HP[-2]
You take 2 damage, and now have 2/25 hp.
Okay, then.
Okay, then.
You don't know any spells.
Unknown command.
You hit the ufetubus but do no damage. The ufetubus closely misses you.
The ufetubus hits you but does no damage.
The ufetubus misses you. The ufetubus hits you.
* * * LOW HITPOINT WARNING * * *
😱 HP[-1]
You take 1 damage, and now have 1/25 hp.
You barely miss the ufetubus. The ufetubus barely misses you.
The ufetubus closely misses you.
You miss the ufetubus.
The ufetubus hits you but does no damage.
The ufetubus hits you.
You die...

Action                   || total
-------------------------++-------
Melee: Unarmed           ||    31
  Use: Scroll            ||     2
 Stab: Sleeping          ||     1
Armor: Leather armour    ||     9
Dodge: Dodged            ||    42

Levels and vault maps discovered:
D:5:      layout_loops_corners, temple_green, uniq_menkaure

Notes
Turn   | Place    | Note
-------+----------+-------------------------------------------
     0 | D:5      | spaghetti the Djinni Delver began the quest for the Orb.
     0 | D:5      | Reached XP level 1. HP: 20/20 MP: 0/0
     0 | D:5      | magus.rc [v1.9.6]
    77 | D:5      | HP: 4/20 [hound zombie (2)]
    83 | D:5      | Reached XP level 2. HP: 3/25 MP: 0/0
   418 | D:5      | HP: 6/25 [ufetubus (1)]
   424 | D:5      | HP: 4/25 [ufetubus (1)]
   426 | D:5      | HP: 1/25 [ufetubus (1)]
   428 | D:5      | Slain by an ufetubus

Vanquished Creatures
  A hound zombie (D:5)
1 creature vanquished.

Table legend:
 A = Non-vault XP
 B = Vault XP
 C = Vault XP percentage of total XP
 D = Non-vault monster count
 E = Vault monster count
 F = Vault count percentage of total count
                 A         B        C        D         E       F
            +---------+---------+-------+---------+---------+-------
      Total |      20 |       0 |   0.0 |       1 |       0 |   0.0
            +---------+---------+-------+---------+---------+-------
        D:5 |      20 |       0 |   0.0 |       1 |       0 |   0.0
            +---------+---------+-------+---------+---------+-------

Illustrated notes

Table legend:
 A = Kills in this place as a percentage of kills in entire the game.
 B = Kills by you in this place as a percentage of kills by you in the entire game.
 C = Kills by friends in this place as a percentage of kills by friends in the entire game.
 D = Other kills in this place as a percentage of other kills in the entire game.
 E = Experience gained in this place as a percentage of experience gained in the entire game.
 F = Experience gained in this place divided by the number of levels of this place that you have seen.
                   A       B       C       D       E      F
               +-------+-------+-------+-------+-------+----------------------
         Total | 100.0 | 100.0 |   N/A |   N/A | 100.0 |  20.0
       Dungeon | 100.0 | 100.0 |   N/A |   N/A | 100.0 |  20.0
               +-------+-------+-------+-------+-------+----------------------

Table legend: (Time is in decaauts)
 A = Elapsed time spent in this place.
 B = Non-inter-level travel time spent in this place.
 C = Inter-level travel time spent in this place.
 D = Time resting spent in this place.
 E = Time spent auto-exploring this place.
 F = Levels seen in this place.
 G = Mean time per level.
                   A        B        C        D        E       F      G
               +--------+--------+--------+--------+--------+-----+--------+
         Total |    427 |    427 |      0 |    267 |    103 |   1 |  427.0 |
       Dungeon |    427 |    427 |      0 |    267 |    103 |   1 |  427.0 |
               +--------+--------+--------+--------+--------+-----+--------+

Top non-repeatable levels by time:
     D:5: 427 daAuts
